 Dungeon Crawl Stone Soup version 0.29.1-4-g47bece8355 (webtiles) character file.

Game seed: 1782573587161044443

116 KittyFluff the Trooper (level 5, -2/33 HPs)
             Began as a Gargoyle Berserker on Dec 3, 2022.
             Was a Believer of Trog.
             Killed from afar by an orc wizard (4 damage)
             ... with a magic dart
             ... on level 3 of the Dungeon.
             The game lasted 00:08:21 (2070 turns).

KittyFluff the Trooper (Gargoyle Berserker)         Turns: 2070, Time: 00:08:24

Health: -2/33      AC:  8    Str: 20    XL:     5   Next: 0%
Magic:  5/5        EV: 12    Int:  8    God:    Trog [**....]
Gold:   122        SH:  0    Dex: 11    Spells: 4/4 levels left

rFire   . . .      SeeInvis .   o - +0 quarterstaff
rCold   . . .      Faith    .   (shield currently unavailable)
rNeg    + . .      Spirit   .   b - +0 animal skin
rPois   ∞          Reflect  .   (no helmet)
rElec   +          Harm     .   w - +1 cloak
rCorr   .          Rampage  .   (no gloves)
Will    .....                   (no boots)
Stlth   +.........              (no amulet)
HPRegen 0.11/turn               (no ring)
MPRegen 0.09/turn               (no ring)

@: confused, on berserk cooldown, slowed, very slow
A: sickness immunity, AC +4, negative energy resistance 1, electricity
resistance, torment resistance 1, petrification resistance
a: Renounce Religion, Berserk, Trog's Hand


You were on level 3 of the Dungeon.
You worshipped Trog.
Trog was pleased with you.
You visited 1 branch of the dungeon, and saw 3 of its levels.

You collected 122 gold pieces.

Inventory:

Hand Weapons
 a - a +0 mace
 c - a +0 sling
 o - a +0 quarterstaff (weapon)
Missiles
 j - 5 poisoned darts
 u - 3 stones
Armour
 b - a +0 animal skin (worn)
 d - a +0 robe
 w - a +1 cloak (worn)
Jewellery
 h - an amulet of faith
Scrolls
 e - a scroll of identify {unknown}
 f - a scroll of summoning {unknown}
 m - a scroll of vulnerability {unknown}
 n - a scroll of teleportation {unknown}
 p - a scroll of blinking {unknown}
 s - a scroll of immolation {unknown}
 t - a scroll of poison {unknown}
Potions
 g - 2 potions of degeneration {unknown}
 i - a potion of mutation {unknown}
 l - a potion of might {unknown}
 q - a potion of curing {unknown}
 r - a potion of lignification {unknown}
 v - a potion of magic {unknown}


   Skills:
 + Level 4.1 Fighting
 + Level 4.1(4.2) Maces & Flails
 + Level 0.8(2.6) Staves
 + Level 1.1 Ranged Weapons
 + Level 2.2 Armour
 + Level 2.1 Dodging
 + Level 0.4 Stealth


You had 4 spell levels left.
You didn't know any spells.
Your spell library was empty.

Dungeon Overview and Level Annotations

Branches:
Dungeon (3/15)

Altars:


Innate Abilities, Weirdness & Mutations

You are immune to sickness and miasma.
Your stone body is resilient. (AC +4)
You are immune to poison.
You resist negative energy. (rN+)
You are resistant to electric shocks. (rElec)
You are resistant to unholy torment.
You are immune to petrification.


Message History

The orc priest is heavily wounded.
The orc priest calls upon Beogh to heal the orc.
The orc's wounds heal themselves!
The orc barely misses you.
You closely miss the orc priest.
The orc priest is heavily wounded.
The orc hits you but does no damage.
The orc priest miscasts a cantrip.
You sock the orc priest!
You feel the power of Trog in you as your rage grows.
You kill the orc priest!
Trog accepts your kill. The orc hits you with a +0 whip.
* * * LOW HITPOINT WARNING * * *
Your Ranged Weapons skill increases to level 1!
You hit the orc.
The orc is severely wounded.
You sock the orc!
You kill the orc!
Trog accepts your kill.
You have reached level 5!
Something barely misses you. The orc closely misses you.
You see here a +0 club.
You hit the orc.
The orc is moderately wounded.
You hit the orc but do no damage.
The orc is moderately wounded.
The orc completely misses you.
You hear some strange, mumbled words.
You are confused.
You bump into the rock wall.
Something hits you.
* * * LOW HITPOINT WARNING * * *
The orc closely misses you.
You feel a strong urge to attack something.
You are no longer berserk.
You are exhausted.
You feel yourself slow down.
You hear some strange, mumbled words.
A magic dart appears from out of thin air!
The magic dart hits you.
You die...

... ... #)# #.# #.#
#.# #.# ###o# #.{@#
######.#######
#......[.....#
#.####....)..## ###
#........## #.#
##..~~~~...# #.#
#...~~~~8..###.#####.
#...~~~~.............
#...............<.#


You could see an orc.

Vanquished Creatures
  An orc priest (D:3)
  4 adders
  2 worms (D:2)
  A dart slug (D:1)
  2 orcs (D:3)
  6 ball pythons
  3 bats
  2 endoplasms
  A giant cockroach (D:2)
  6 goblins
  2 hobgoblins (D:2)
  8 frilled lizards
  3 kobolds (D:2)
  4 rats
45 creatures vanquished.

Notes
Turn   | Place    | Note
-------+----------+-------------------------------------------
     0 | D:1      | KittyFluff the Gargoyle Berserker began the quest for the
                  | Orb.
     0 | D:1      | Reached XP level 1. HP: 14/14 MP: 1/1
   745 | D:1      | Reached XP level 2. HP: 16/19 MP: 2/2
   914 | D:1      | Reached XP level 3. HP: 11/24 MP: 3/3
  1358 | D:2      | Reached ** piety under Trog
  1565 | D:2      | Reached XP level 4. HP: 28/29 MP: 4/4
  1768 | D:2      | Found a faded altar of an unknown god.
  2064 | D:3      | Reached skill level 1 in Ranged Weapons
  2066 | D:3      | Reached XP level 5. HP: 4/33 MP: 5/5
  2069 | D:3      | HP: 2/49 [something (2)]
  2070 | D:3      | Killed from afar by an orc wizard

Illustrated notes

Levels and vault maps discovered:
D:1:      dpeg_arrival_court, layout_loops_cross, minmay_split_cup_small
D:2:      layout_loops_cross, basic_ecumenical_altar, corexii_corridor_pit
D:3:      kennysheep_six_static_rooms, layout_loops_ring,
          nicolae_ru_sacrificial_ziggurat, nicolae_overflow_hidden_temple,
          serial_shops, nicolae_shop_behind_doors, serial_park_tiny_pond,
          corexii_leaking_fountain, minivault_4, uniq_crazy_yiuf_cottage

Skill      XL: |  1  2  3  4 |
---------------+-------------+-----
Dodging        | 2 |  2.1
Maces & Flails | 4 |  4.1
Fighting       | 4 |  4.1
Ranged Weapons | 1 |  1.1
Staves         | |  0.8
Armour         | |  2.2
Stealth        | |  0.4

Action                   |  1- 3 |  4- 6 || total
-------------------------+-------+-------++-------
Melee: Mace              |   111 |       ||   111
       Punch             |     3 |       ||     3
       Quarterstaff      |     2 |    43 ||    45
 Fire: Sling             |     5 |    12 ||    17
Invok: Berserk           |       |     1 ||     1
Armor: Animal skin       |    49 |    17 ||    66
Dodge: Dodged            |    82 |    25 ||   107
